 Dungeon Crawl Stone Soup version 0.22-a0-512-g0943f25 (webtiles) character file.

1367 Gildeon the Slasher (level 8, -3/67 (68) HPs)
             Began as a Red Draconian Fighter on June 18, 2018.
             Was an Initiate of Qazlal.
             Slain by a slime creature (17 damage)
             ... on level 5 of the Dungeon.
             The game lasted 00:19:02 (4661 turns).

Gildeon the Slasher (Red Draconian Fighter)         Turns: 4661, Time: 00:19:03

HP:   -3/67 (68)    AC:  5    Str: 18    XL:     8   Next: 38%
MP:   11/11         EV: 14    Int: 11    God:    Qazlal [......]
Gold: 216           SH:  0    Dex: 11    Spells: 11/11 levels left

rFire    + . .     SeeInvis .   a - +1 long sword
rCold    . . .     Gourm    .   (no shield)
rNeg     + + .     Faith    .   (armour unavailable)
rPois    .         Spirit   .   (helmet restricted)
rElec    .         Reflect  .   h - +0 cloak
rCorr    .         Harm     .   (no gloves)
MR       .....                  j - +1 pair of boots
Stlth    ++........             (no amulet)
HPRegen  0.21/turn              b - ring of positive energy
MPRegen  0.12/turn              k - ring of positive energy

@: corroded
A: breathe fire, unfitting armour, fire resistance 1, cold-blooded, AC +6
a: Breathe Fire, Renounce Religion


You were on level 5 of the Dungeon.
You worshipped Qazlal.
Qazlal was noncommittal.
You were not hungry.

You visited 2 branches of the dungeon, and saw 6 of its levels.

You collected 216 gold pieces.

Inventory:

Hand Weapons
 a - a +1 long sword (weapon)
 i - a cursed +0 flail
 m - a +2 flail of distortion
Armour
 h - a +0 cloak (worn)
 j - a +1 pair of boots (worn)
Jewellery
 b - a ring of positive energy (left hand)
 k - a ring of positive energy (right hand)
Scrolls
 e - a scroll of teleportation
 g - a scroll of amnesia
 n - a scroll of identify
Potions
 c - a potion of lignification
 f - 2 potions of brilliance
 l - 3 potions of flight
Comestibles
 d - 7 rations


   Skills:
 + Level 5.2 Fighting
 * Level 6.9 Long Blades
 - Level 2.6 Maces & Flails
 + Level 5.3 Dodging
 - Level 2.2 Stealth
   Level 3.0 Shields
 - Level 2.0 Spellcasting


You had 11 spell levels left.
You didn't know any spells.
Your spell library was empty.

Dungeon Overview and Level Annotations

Branches:
Dungeon (5/15)             Temple (1/1) D:5

Altars:
Ashenzari
Cheibriados
Elyvilon
Fedhas
Gozag
Hepliaklqana
Kikubaaqudgha
Okawaru
Qazlal
Ru
Sif Muna
Trog
Uskayaw
Vehumet
Wu Jian
Xom
Yredelemnul
Zin
The Shining One


Innate Abilities, Weirdness & Mutations

You can breathe blasts of fire.
Your fiery red scales are hard. (AC +6)
You cannot fit into any form of body armour.
Your flesh is heat resistant. (rF+)
You are cold-blooded and may be slowed by cold attacks.


Message History

The jelly is almost dead.
The jelly hits you but does no damage.
You hit the jelly.
You kill the jelly!
Qazlal accepts your kill.
You hit the jelly.
Your hands burn!
The jelly is lightly wounded.
The jelly barely misses you.
You hit the jelly but do no damage. The acid corrodes you!
Your hands burn!
The jelly is lightly wounded.
The jelly barely misses you.
You barely miss the slime creature. You slash the slime creature!
The slime creature is lightly wounded.
The slime creature hits you!
* * * LOW HITPOINT WARNING * * *
You hit the slime creature. You tail-slap the slime creature.
The slime creature is moderately wounded.
The slime creature hits you!
You die...

#.....>...######.#
#.######### #.# ##.# #.#
#..# ### ##.## #######
#..(### ##########..J...#
.....(###......##J.JP...#
#...#)##.......#J#÷.J...#
.....)((.......#@#PPP..P#
.#.#..'........#.#..JJ..#
...##.'......#'#.#.PJP.P#
.#....##.....#.#(#.J...÷#
...##.###....#.#(#P.J.PP#
#..##.# #######.##.....$#
#..##.###########
#............#
#.###.#######. ...


You could see a slime creature and a jelly.

Vanquished Creatures
  Pikel (D:4)
  Grinder (D:4)
  Menkaure (D:4)
  3 slaves
  A necrophage (D:5)
  A scorpion (D:4)
  An orc priest (D:4)
  2 jellies (D:5)
  2 hounds (D:4)
  Jessica (D:2)
  Terence (D:2)
  2 worker ants (D:4)
  2 hound skeletons (D:4)
  A worker ant zombie (D:5)
  9 adders
  An ooze (D:2)
  3 worms
  2 leopard geckos
  5 orcs (D:4)
  5 giant cockroaches
  7 goblins
  11 hobgoblins
  7 jackals
  15 kobolds
  A ball python (D:3)
  5 bats
  6 frilled lizards
  6 rats
103 creatures vanquished.

Vanquished Creatures (others)
  3 fungi (D:5)
  6 toadstools (D:5)
9 creatures vanquished.

Grand Total: 112 creatures vanquished

Notes
Turn   | Place    | Note
-------+----------+-------------------------------------------
     0 | D:1      | Gildeon the Draconian Fighter began the quest for the Orb.
     0 | D:1      | Reached XP level 1. HP: 19/19 MP: 1/1
   245 | D:1      | Reached XP level 2. HP: 26/26 MP: 2/2
   962 | D:2      | Reached XP level 3. HP: 33/33 MP: 3/3
  1017 | D:2      | Found a radiant altar of Vehumet.
  1059 | D:2      | Noticed Terence
  1073 | D:2      | Killed Terence
  1073 | D:2      | Reached skill level 3 in Long Blades
  1073 | D:2      | Reached XP level 4. HP: 24/40 MP: 4/4
  1189 | D:2      | Noticed Jessica
  1198 | D:2      | Killed Jessica
  1552 | D:2      | Reached XP level 5. HP: 42/47 MP: 5/5
  2322 | D:4      | Noticed Menkaure
  2325 | D:4      | Killed Menkaure
  2325 | D:4      | Reached skill level 4 in Long Blades
  2325 | D:4      | Reached skill level 1 in Maces & Flails
  2325 | D:4      | Reached XP level 6. HP: 55/55 MP: 6/6
  2411 | D:4      | Reached skill level 5 in Fighting
  2599 | D:4      | Noticed Grinder
  2617 | D:4      | Paralysed by Grinder for 6 turns
  2624 | D:4      | Killed Grinder
  2624 | D:4      | Reached skill level 5 in Long Blades
  2624 | D:4      | Your scales start taking on a fiery red colour.
  2624 | D:4      | Reached XP level 7. HP: 36/61 MP: 7/7
  2624 | D:4      | Gained mutation: Your flesh is heat resistant. (rF+) [Red Draconian growth]
  2626 | D:4      | Noticed Pikel
  3962 | D:4      | Killed Pikel
  3962 | D:4      | Reached skill level 6 in Long Blades
  3962 | D:4      | Reached skill level 5 in Dodging
  3962 | D:4      | Reached skill level 1 in Spellcasting
  3962 | D:4      | Reached XP level 8. HP: 36/68 MP: 8/10
  4190 | D:5      | Entered Level 5 of the Dungeon
  4283 | D:5      | Found a staircase to the Ecumenical Temple.
  4293 | Temple   | Entered the Ecumenical Temple
  4364 | Temple   | Became a worshipper of Qazlal Stormbringer
  4646 | D:5      | Noticed a slime creature
  4646 | D:5      | Noticed a slime creature
  4661 | D:5      | Slain by a slime creature

Vault maps used:
D:1:      saegor_arrival_simple_e, minmay_strange_pillars
D:2:      lemuel_doored_altar, kennysheep_potato, uniq_terence, uniq_jessica
D:3:      serial_forest, infiniplex_forest_clump_tiny,
          infiniplex_forest_lined_3, infiniplex_forest_lined_2,
          infiniplex_forest_clump_curved, infiniplex_forest_clump_curved,
          infiniplex_forest_lined_3, first_ration
D:4:      small_statue_intersection, st_stairs_5, kennysheep_generic_room_14,
          uniq_menkaure, uniq_grinder, uniq_pikel
D:5:      cheibrodos_fertilizer, gammafunk_temple_overflow_wave,
          minmay_temple_entry_poolview, cheibrodos_sewer_entry_bend, st_stairs_3
Temple:   dpeg_five_rooms_temple

Skill      XL: |  1  2  3  4  5  6  7  8 |
---------------+-------------------------+-----
Dodging        | 3 4 5 |  5.3
Fighting       | 4 5 |  5.2
Long Blades    | 3 4 5 6 |  6.9
Maces & Flails | 1 2 |  2.6
Stealth        | 2 |  2.2
Spellcasting   | 1 2 |  2.0
Shields        | |  3.0

Action                   |  1- 3 |  4- 6 |  7- 9 || total
-------------------------+-------+-------+-------++-------
Melee: Long sword        |   104 |   103 |   123 ||   330
       Tailslap          |    16 |    10 |    13 ||    39
 Abil: Breathe Fire      |       |       |     3 ||     3
  Use: Scroll            |     7 |     4 |     6 ||    17
       Potion            |     1 |     1 |     2 ||     4
 Stab: Sleeping          |     1 |       |     1 ||     2
  Eat: Chunk             |       |     6 |     3 ||     9
       Ration            |       |       |     2 ||     2
Armor: Skin              |    31 |    37 |    43 ||   111
Dodge: Dodged            |    66 |    85 |   112 ||   263
       Rpst.: Long sword |    20 |    27 |    38 ||    85

Table legend:
 A = Spawn XP
 B = Non-spawn XP
 C = Spawn XP percentage of total XP
 D = Spawn monster count
 E = Non-spawn monster count
 F = Spawn count percentage of total count
 G = Total turns spent on level
                    A         B        C        D         E        F      G
               +---------+---------+-------+---------+---------+-------+---------
         Total |       0 |    1953 |   0.0 |       0 |     100 |   0.0 |  4661
               +---------+---------+-------+---------+---------+-------+---------
           D:1 |       0 |      33 |   0.0 |       0 |      21 |   0.0 |   899
           D:2 |       0 |     169 |   0.0 |       0 |      31 |   0.0 |   925
           D:3 |       0 |      51 |   0.0 |       0 |      16 |   0.0 |   626
           D:4 |       0 |    1469 |   0.0 |       0 |      21 |   0.0 |  1740
           D:5 |       0 |     231 |   0.0 |       0 |      11 |   0.0 |   231
               +---------+---------+-------+---------+---------+-------+---------
